 Dungeon Crawl Stone Soup version 0.28.0-53-g5a82cb258f (webtiles) character file.

Game seed: 13145894360383533501

4240 Erymatos the Cleaver (level 10, -1/132 (135) HPs)
             Began as a Minotaur Berserker on June 8, 2022.
             Was an Elder of Trog.
             Succumbed to Duvessa's poison
             ... on level 7 of the Dungeon.
             The game lasted 00:14:11 (7295 turns).

Erymatos the Cleaver (Minotaur Berserker)           Turns: 7295, Time: 00:14:12

HP:   -1/132 (135)  AC: 12    Str: 24    XL:     10   Next: 9%
MP:   9/9           EV:  8    Int:  4    God:    Trog [****..]
Gold: 290           SH:  8    Dex: 12    Spells: 9/9 levels left

rFire   . . .      SeeInvis .   r - +3 hand axe
rCold   . . .      Faith    .   t - +0 kite shield
rNeg    . . .      Spirit   .   n - +0 chain mail
rPois   .          Reflect  .   (helmet restricted)
rElec   .          Harm     .   (no cloak)
rCorr   .          Rampage  .   j - +0 pair of gloves
Will    .....                   (no boots)
Stlth   ..........              (no amulet)
HPRegen 0.32/turn               (no ring)
MPRegen 0.11/turn               (no ring)

@: berserking (expiring), lethally poisoned (-1 -> -20), lightly drained, very
quick
A: horns 2, retaliatory headbutt
a: Renounce Religion, Berserk, Trog's Hand, Brothers in Arms


You were on level 7 of the Dungeon.
You worshipped Trog.
Trog was greatly pleased with you.
You visited 1 branch of the dungeon, and saw 7 of its levels.

You collected 290 gold pieces.

Inventory:

Hand Weapons
 r - a +3 hand axe (weapon)
Missiles
 s - 3 throwing nets (quivered)
Armour
 j - a +0 pair of gloves (worn)
 n - a +0 chain mail (worn)
 t - a +0 kite shield (worn)
Wands
 a - a wand of polymorph (9)
 l - a wand of charming (6)
Scrolls
 b - 2 scrolls of vulnerability {unknown}
 d - 5 scrolls of identify {unknown}
 e - a scroll of enchant armour {unknown}
 i - 5 scrolls of teleportation {unknown}
 m - 3 scrolls of fog {unknown}
 o - 2 scrolls of magic mapping {unknown}
 u - a scroll of silence {unknown}
 v - a scroll of immolation {unknown}
 x - a scroll of enchant weapon {unknown}
 y - a scroll of noise {unknown}
Potions
 c - 5 potions of curing {unknown}
 f - 3 potions of lignification {unknown}
 g - a potion of might
 h - 2 potions of flight {unknown}
 k - a potion of cancellation {unknown}
 p - 2 potions of ambrosia {unknown}
 q - 3 potions of heal wounds {unknown}
 w - a potion of invisibility {unknown}
 z - a potion of brilliance {unknown}
 A - a potion of haste {unknown}


   Skills:
 + Level 8.9 Fighting
 + Level 11.5 Axes
 + Level 9.4 Armour
 + Level 5.3 Dodging
 + Level 2.8 Shields
 + Level 0.4 Unarmed Combat


You had 9 spell levels left.
You didn't know any spells.
Your spell library was empty.

Dungeon Overview and Level Annotations

Branches:
Dungeon (7/15)             Temple (0/1) D:6

Altars:

Shops:
D:4 *   D:6 =[

Annotations:
D:7 1 transporter


Innate Abilities, Weirdness & Mutations

You have a pair of horns on your head.
You reflexively headbutt those who attack you in melee.


Message History

The wight hits you from afar with a +0 spear.
Duvessa hits you with a +3 rapier of venom!
You are poisoned.
You slice the jelly!!
You kill the jelly!
Trog accepts your kill.
You hit Duvessa but do no damage.
You feel sick. Duvessa closely misses you.
The wight hits you from afar with a +0 spear.
Unknown command.
You hit Duvessa but do no damage. You headbutt Duvessa!
Duvessa is severely wounded.
You feel sick.
Duvessa hits you with a +3 rapier of venom!!
* * * LOW HITPOINT WARNING * * *
Unknown command.
You completely miss Duvessa.
Duvessa is severely wounded.
You feel sick. The wight closely misses you. You block Duvessa's attack.
You slash Duvessa! You headbutt Duvessa, but do no damage.
Duvessa is severely wounded.
You feel sick. The wight hits you but does no damage.
Duvessa hits you with a +3 rapier of venom!
* * * LOW HITPOINT WARNING * * *
You are lethally poisoned!
Unknown command.
You hit Duvessa. You headbutt Duvessa!
You kill Duvessa!
Trog accepts your kill.
* * * LOW HITPOINT WARNING * * *
You feel very sick.
* * * LOW HITPOINT WARNING * * *
You feel very sick.
The gnoll sergeant shouts!
The wight barely misses you. You furiously retaliate!
You headbutt the wight.
Items here: )) [[ ††.
Unknown command.
You slash the wight! You headbutt the wight.
You destroy the wight!
Trog accepts your kill.
You die...

≈.$##<.......#.##.....#.
....#.......## #........
............# ##......##
.##.#.....#####...$.....
###...................
#..................# #
#............#
.##.#....>.....).#
...............)@#
...>.............)......
........................
≈≈...≈≈≈≈≈≈≈≈≈≈≈........
≈≈...≈≈≈≈≈≈≈≈≈≈≈........
.........#####≈≈.#......
##.©.###.#g g#≈≈.#......
#####g###ggg#≈≈........
.$. ...g..## ≈..


You could see 2 gnoll sergeants and a gnoll shaman.

Vanquished Creatures
  A troll (D:6)
  Grinder (D:4)
  The ghost of DearestLeader the Chopper, an amateur GnWn of Cheibriados (D:3)
  Grum (D:6)
  A water moccasin (D:5)
  Duvessa (D:7)
  Pargi (D:3)
  2 black bears
  A necrophage (D:6)
  2 sky beasts
  2 phantoms (D:6)
  3 gnoll sergeants (D:6)
  2 scorpions
  2 water moccasin zombies (D:5)
  Dowan (D:7)
  2 water moccasin skeletons
  14 wights
  3 howler monkeys (D:7)
  A centaur zombie (D:6)
  A bullfrog zombie (D:6)
  8 hounds
  2 orc priests
  4 jellies
  2 bullfrog skeletons
  A centaur skeleton (D:7)
  4 gnoll shamans
  3 iguanas
  Ijyb (D:4)
  Jessica (D:3)
  3 orc wizards
  A hound skeleton (D:5)
  6 adders
  32 gnolls
  A white imp (D:6)
  3 ufetubi
  2 adder skeletons (D:4)
  2 worms
  2 dart slugs (D:3)
  4 orcs
  10 ball pythons
  7 bats
  7 endoplasms
  9 giant cockroaches
  6 goblins
  5 hobgoblins
  13 jackals
  5 quokkas
  6 frilled lizards
  5 kobolds
  6 rats
204 creatures vanquished.

Notes
Turn   | Place    | Note
-------+----------+-------------------------------------------
     0 | D:1      | Erymatos the Minotaur Berserker began the quest for the
                  | Orb.
     0 | D:1      | Reached XP level 1. HP: 19/19 MP: 0/0
   122 | D:1      | Reached skill level 4 in Axes
   131 | D:1      | Reached XP level 2. HP: 21/27 MP: 1/1
   387 | D:1      | Found a faded altar of an unknown god.
   418 | D:1      | Reached XP level 3. HP: 32/33 MP: 2/2
   654 | D:1      | Reached ** piety under Trog
  1375 | D:2      | Reached XP level 4. HP: 41/41 MP: 3/3
  1782 | D:3      | Reached skill level 5 in Axes
  2009 | D:3      | You fall into a shaft and drop 3 floors!
  2017 | D:6      | Reached XP level 5. HP: 47/47 MP: 4/4
  2023 | D:6      | Reached skill level 5 in Fighting
  2029 | D:6      | Reached skill level 6 in Axes
  2099 | D:6      | Noticed Grum
  2105 | D:6      | Killed Grum
  2106 | D:6      | Reached XP level 6. HP: 56/56 MP: 5/5
  2171 | D:6      | Found a staircase to the Ecumenical Temple.
  2196 | D:6      | Reached skill level 7 in Axes
  2196 | D:6      | Reached XP level 7. HP: 56/61 MP: 6/6
  2410 | D:6      | Reached skill level 8 in Axes
  2559 | D:6      | Reached skill level 5 in Armour
  2596 | D:6      | Noticed a troll
  2603 | D:6      | Killed a troll
  2604 | D:6      | Reached XP level 8. HP: 70/70 MP: 7/7
  2613 | D:6      | Found Recsas's Antique Armour Shop.
  2901 | D:6      | Reached skill level 9 in Axes
  2901 | D:6      | Found Didghoc's Jewellery Shop.
  4050 | D:6      | Reached XP level 9. HP: 79/79 MP: 8/8
  4204 | D:5      | Entered Level 5 of the Dungeon
  4343 | D:5      | Reached skill level 10 in Axes
  4554 | D:5      | Reached skill level 5 in Dodging
  4641 | D:5      | Reached *** piety under Trog
  5145 | D:4      | Noticed Grinder
  5151 | D:4      | Paralysed by Grinder for 7 turns
  5166 | D:4      | Paralysed by Grinder for 3 turns
  5174 | D:4      | Paralysed by Grinder for 3 turns
  5184 | D:4      | Killed Grinder
  5185 | D:4      | Reached skill level 1 in Shields
  5300 | D:4      | Found Rugigoff's Assorted Antiques.
  5300 | D:4      | Noticed Ijyb
  5343 | D:4      | Killed Ijyb
  6182 | D:3      | Noticed Jessica
  6188 | D:3      | Killed Jessica
  6201 | D:3      | Noticed Pargi
  6208 | D:3      | Killed Pargi
  6241 | D:3      | Noticed DearestLeader's ghost (amateur GnWn)
  6243 | D:3      | Found a transporter.
  6250 | D:3      | Found a transporter.
  6606 | D:3      | Reached skill level 11 in Axes
  6610 | D:3      | Killed DearestLeader's ghost
  7244 | D:7      | Found a transporter.
  7277 | D:7      | Noticed Dowan
  7280 | D:7      | Reached XP level 10. HP: 60/83 MP: 9/9
  7281 | D:7      | Noticed Duvessa
  7283 | D:7      | Reached **** piety under Trog
  7288 | D:7      | Killed Dowan
  7293 | D:7      | Killed Duvessa
  7293 | D:7      | HP: 5/129 [poisoned by Duvessa]
  7294 | D:7      | HP: 1/132 [poisoned by Duvessa]
  7295 | D:7      | Succumbed to Duvessa's poison

Illustrated notes

Levels and vault maps discovered:
D:1:      minmay_arrival_solitary_statue, layout_rooms,
          chequers_ecumenical_altar_island
D:2:      layout_basic
D:3:      layout_basic, gammafunk_ghost_arena, uniq_pargi, uniq_jessica
D:4:      layout_loops_ring, serial_shops, nicolae_shop_overgrown_old_shop,
          skrybe_limestone_x, grunt_ministairs_10, minmay_between, uniq_ijyb,
          uniq_grinder
D:5:      layout_gridville
D:6:      layout_cave_pools, minmay_temple_entry_waves, serial_gnoll_camp,
          gnoll_camp_mini_shop, gnoll_camp_huts_basic, gnoll_camp_mini_shop,
          grums_kennel, gnoll_camp_mini_doghouse, gnoll_camp_medium_01
D:7:      layout_cave_pools, gammafunk_ghost_gnarly_gnolls, minivault_23,
          kennysheep_boxes, uniq_duvessa

Skill      XL: |  1  2  3  4  5  6  7  8  9 |
---------------+----------------------------+-----
Axes           | 4 5 6 7 8 9 11 | 11.5
Fighting       | 4 5 6 7 8 |  8.9
Dodging        | 3 4 5 |  5.3
Armour         | 3 4 5 7 9 |  9.4
Shields        | 2 |  2.8
Unarmed Combat | |  0.4

Action                   |  1- 3 |  4- 6 |  7- 9 | 10-12 || total
-------------------------+-------+-------+-------+-------++-------
Melee: Hand axe          |    74 |    77 |   375 |    15 ||   541
       Headbutt          |     8 |     9 |    81 |     6 ||   104
       Punch             |     1 |       |       |       ||     1
       Unarmed           |       |       |    20 |       ||    20
Invok: Berserk           |     1 |     2 |    14 |       ||    17
       Trog's Hand       |       |       |     4 |       ||     4
 Stab: Sleeping          |     1 |       |       |       ||     1
Armor: Animal skin       |    17 |       |       |       ||    17
       Ring mail         |     2 |     1 |       |       ||     3
       Chain mail        |       |    37 |   195 |     5 ||   237
Dodge: Dodged            |    67 |    35 |   172 |     3 ||   277
Block: Kite shield       |       |       |    75 |     5 ||    80
